 Dungeon Crawl Stone Soup version 0.25-a0-1024-gbfbf38f2cb (webtiles) character file.

Game seed: 6969373786783807957, levelgen mode: classic

2 Amnesiac the Ducker (level 1, 0/12 HPs)
             Began as a Deep Elf Gladiator on May 12, 2020.
             Slain by a hobgoblin (5 damage)
             ... on level 1 of the Dungeon.
             The game lasted 00:00:36 (110 turns).

Amnesiac the Ducker (Deep Elf Gladiator)             Turns: 110, Time: 00:00:36

Health: 0/12       AC:  4    Str: 11    XL:     1   Next: 25%
Magic:  3/3        EV: 13    Int: 12    God:
Gold:   31         SH:  0    Dex: 16    Spells: 0/0 levels left

rFire    . . .     SeeInvis .   a - +0 quarterstaff
rCold    . . .     Gourm    .   (shield currently unavailable)
rNeg     . . .     Faith    .   b - +0 leather armour
rPois    .         Spirit   .   c - +0 helmet
rElec    .         Reflect  .   (no cloak)
rCorr    .         Harm     .   (no gloves)
MR       .....     Rnd*Tele +   (no boots)
Stlth    +.........             (no amulet)
HPRegen  0.04/turn              e - ring of teleportation (curse)
MPRegen  0.08/turn              (no ring)

@: no status effects
A: no striking features
a: no special abilities


You were on level 1 of the Dungeon.
You were not hungry.

You visited 1 branch of the dungeon, and saw 1 of its levels.

You collected 31 gold pieces.

Inventory:

Hand Weapons
 a - a +0 quarterstaff (weapon)
Missiles
 d - 5 throwing nets (quivered)
Armour
 b - a +0 leather armour (worn)
 c - a +0 helmet (worn)
Jewellery
 e - a cursed ring of teleportation (left hand)
Comestibles
 f - a ration


   Skills:
 - Level 1.5 Fighting
 * Level 3.0 Staves
 - Level 2.0 Throwing
 + Level 0.1 Armour
 - Level 3.6 Dodging


You couldn't memorise any spells.
You didn't know any spells.
Your spell library was empty.

Dungeon Overview and Level Annotations

Branches:
Dungeon (1/15)

Altars:


Message History

Welcome, Amnesiac the Deep Elf Gladiator.
Will you be the one to retrieve the transcendent Orb of Zot from the depths?
Press ? for a list of commands and other information.
Found a staircase leading out of the dungeon.
You now have 13 gold pieces.
Found a whip.
You see here a whip.
Found a hand axe.
e - a scratched jade ring
Found 20 arrows.
You feel slightly jumpy.
Oops, that ring feels deathly cold.
e - a cursed ring of teleportation (left hand)
You now have 19 gold pieces (gained 6).
Found 16 sling bullets.
You open the door.
A kobold comes into view.
Found 12 gold pieces.
There is an open door here.
You barely miss the kobold. The kobold barely misses you.
You hit the kobold.
You kill the kobold!
You now have 26 gold pieces (gained 7).
A rat comes into view.
A rat is nearby!
You see here 5 gold pieces.
You now have 31 gold pieces (gained 5).
The rat bites you but does no damage.
You thump the rat!
You kill the rat!
d - 5 throwing nets (gained 2)
Found a mace.
A rat and a hobgoblin come into view.
The hobgoblin shouts!
You hear a shout! x2
Found a ration.
A hobgoblin comes into view.
A hobgoblin comes into view. It is wielding a -2 club.
The hobgoblin shouts!
A giant cockroach comes into view.
A goblin comes into view. It is wielding a +0 dagger.
You see here a mace.
A rat comes into view.
You hit the hobgoblin.
The hobgoblin is moderately wounded.
The hobgoblin hits you. x2
You barely miss the hobgoblin.
The hobgoblin is moderately wounded.
The hobgoblin completely misses you.
You hit the hobgoblin but do no damage.
The hobgoblin is moderately wounded.
The hobgoblin hits you.
The rat twitches its whiskers.
Found 4 gold pieces.
You barely miss the rat. The hobgoblin hits you.
* * * LOW HITPOINT WARNING * * *
The rat barely misses you.
You closely miss the rat. The hobgoblin barely misses you.
The rat closely misses you.
Unknown command.
You thump the rat!
You kill the rat!
The hobgoblin hits you.
You die...

#$# #.# #. #.# #. #.# #.
#.# #.######## #.#
#........# s.....%#†#
#####........# g......#@#
#............. ..r....#g#
#.####........ ....g..#g#
#............. ..g..#g#
#............# ...#r#
#...##.......# #.#.#
#...##.......#
##.#..g###.........####
.........................
...#...............######


You could see 3 hobgoblins, a goblin and a rat.

Vanquished Creatures
  A kobold (D:1)
  2 rats (D:1)
3 creatures vanquished.

Notes
Turn   | Place    | Note
-------+----------+-------------------------------------------
     0 | D:1      | Amnesiac the Deep Elf Gladiator began the quest for the
                  | Orb.
     0 | D:1      | Reached XP level 1. HP: 12/12 MP: 3/3
   110 | D:1      | Slain by a hobgoblin

Illustrated notes

Levels and vault maps discovered:
D:1:      elethiomel_arrival_maze, layout_basic

Action                   || total
-------------------------++-------
Melee: Quarterstaff      ||     9
Armor: Leather armour    ||     1
Dodge: Dodged            ||     5

Table legend:
 A = Non-vault XP
 B = Vault XP
 C = Vault XP percentage of total XP
 D = Non-vault monster count
 E = Vault monster count
 F = Vault count percentage of total count
                 A         B        C        D         E       F
            +---------+---------+-------+---------+---------+-------
      Total |       3 |       0 |   0.0 |       3 |       0 |   0.0
            +---------+---------+-------+---------+---------+-------
        D:1 |       3 |       0 |   0.0 |       3 |       0 |   0.0
            +---------+---------+-------+---------+---------+-------
